 Dungeon Crawl Stone Soup version 0.27-a0-287-gd4424db430 (webtiles) character file.

Game seed: 2767720197307387022

707 runemasterragnar the Conjurer (level 7, 0/55 HPs)
             Began as a Purple Draconian Conjurer on Feb 9, 2021.
             Slain by Pikel
             ... wielding a +2 whip of freezing
              (1 damage)
             ... on level 4 of the Dungeon.
             The game lasted 00:10:12 (5474 turns).

runemasterragnar the Conjurer (DrCj)                Turns: 5474, Time: 00:10:12

Health: 0/55       AC:  8    Str:  9      XL:     7   Next: 39%
Magic:  4/13       EV: 12    Int: 19 (20) God:
Gold:   232        SH:  0    Dex:  9 (10) Spells: 4/14 levels left

rFire    . . .     SeeInvis .   l - +2 mace (vorpal)
rCold    . . .     Faith    .   (no shield)
rNeg     . . .     Spirit   .   (armour unavailable)
rPois    .         Reflect  .   (helmet restricted)
rElec    .         Harm     .   h - +0 cloak {Will+}
rCorr    .         Rampage  .   (no gloves)
Will     ++...                  n - +0 pair of boots
Stlth    ++........             d - amulet of regeneration
HPRegen  0.58/turn              (no ring)
MPRegen  0.13/turn              (no ring)

@: slowed, very slow
A: breathe power, unfitting armour, deterioration 1, cold-blooded, AC +6
a: Breathe Dispelling Energy


You were on level 4 of the Dungeon.
You visited 1 branch of the dungeon, and saw 4 of its levels.

You collected 232 gold pieces.

Inventory:

Hand Weapons
 e - a +2 dagger of holy wrath
 l - a +2 vorpal mace (weapon)
Armour
 h - a +0 cloak of willpower (worn)
 n - a +0 pair of boots (worn)
Jewellery
 d - an amulet of regeneration (around neck)
 m - an uncursed ring of ice
Wands
 i - a wand of polymorph (7)
 k - a wand of paralysis (9)
 o - a wand of iceblast (6)
Scrolls
 a - 2 scrolls of magic mapping
 g - a scroll of fear
 j - a scroll of identify
 p - a scroll of blinking {unknown}
 q - a scroll of fog
Potions
 b - 2 potions of curing
 c - 2 potions of cancellation {unknown}
 f - a potion of heal wounds {unknown}


   Skills:
 - Level 2.3 Fighting
 - Level 2.8 Dodging
 - Level 3.0 Stealth
 - Level 1.1 Unarmed Combat
 + Level 4.2 Spellcasting
 * Level 6.2 Conjurations
 * Level 2.5 Hexes
 * Level 2.2 Translocations


You had 4 spell levels left.
You knew the following spells:

 Your Spells              Type           Power        Failure   Level
a - Magic Dart            Conj           100%         1%          1
b - Searing Ray           Conj           54%          1%          2
c - Iskenderun's Mystic   Conj/Tloc      20%          24%         4
d - Dazzling Flash        Conj/Hex       40%          7%          3

Your spell library contained the following spells:

 Spells                   Type           Power        Failure   Level
 Fulminant Prism          Conj/Hex       10%          22%         4


Dungeon Overview and Level Annotations

Branches:
Dungeon (4/15)
 Temple: D:4-7

Altars:
Ashenzari
Sif Muna

Annotations:
D:2 Terence
D:4 Pikel


Innate Abilities, Weirdness & Mutations

You can breathe bolts of dispelling energy.
Your rich purple scales are hard. (AC +6)
You cannot fit into any form of body armour.
You are cold-blooded and may be slowed by cold attacks.
Your body sometimes deteriorates upon taking damage.


Message History

Aim: Pikel, wielding a +2 whip of freezing and wearing a +1 robe of willpower (almost dead, chance to affect: 15%)
Okay, then.
Casting: Magic Dart (safe; 1% risk of failure)
Confirm with . or Enter, or press ? or * to list all spells.
Aiming: Magic Dart (safe; 1% risk of failure)
Press: ? - help, Shift-Dir - straight line, f/p - Pikel
Aim: Pikel, wielding a +2 whip of freezing and wearing a +1 robe of willpower (almost dead, 0% to evade)
The magic dart hits Pikel but does no damage.
Pikel is almost dead.
Pikel hits you with a +2 whip of freezing.
* * * LOW HITPOINT WARNING * * *
You feel as though you will be slow longer.
Pikel freezes you.
* * * LOW HITPOINT WARNING * * *
Pikel hits you but does no damage.
You feel better.
Pikel hits you with a +2 whip of freezing!
* * * LOW HITPOINT WARNING * * *
Pikel freezes you.
You die...

#......#.#
#......#.#.......
#......#.#....... ######
#......#.#....... .....#
##'#.#.#.#.......
.###.####.#.#.#.#.......
.# #......#.#.#.#.......
.##########.#.#.#K......
..........(.#.#.@.......
#############.##########
#.#.....)..#
#.#.....<#.#
#.########.#
#..........#
############


You could see Pikel.

Vanquished Creatures
  Sigmund (D:3)
  An ogre (D:4)
  4 lemures (D:4)
  A phantom (D:4)
  A hound (D:4)
  Crazy Yiuf (D:3)
  Jessica (D:3)
  Ijyb (D:3)
  2 orc wizards (D:3)
  2 worker ants (D:4)
  4 gnolls (D:3)
  6 adders
  2 oozes
  3 adder skeletons (D:2)
  A worm (D:4)
  A dart slug (D:1)
  9 orcs (D:3)
  A ball python (D:3)
  2 bat skeletons (D:2)
  3 giant cockroaches
  5 goblins
  2 hobgoblins
  6 bats
  4 frilled lizards (D:1)
  A giant cockroach zombie (D:2)
  A jackal zombie (D:2)
  9 kobolds
  2 leopard gecko skeletons (D:2)
  A leopard gecko zombie (D:2)
  A quokka skeleton (D:2)
  A quokka zombie (D:2)
  4 rats
84 creatures vanquished.

Notes
Turn   | Place    | Note
-------+----------+-------------------------------------------
     0 | D:1      | runemasterragnar the Draconian Conjurer began the quest for
                  | the Orb.
     0 | D:1      | Reached XP level 1. HP: 14/14 MP: 3/3
   196 | D:1      | Reached XP level 2. HP: 20/20 MP: 1/5
  1495 | D:2      | Reached XP level 3. HP: 19/27 MP: 1/6
  1737 | D:2      | Learned a level 2 spell: Searing Ray
  2074 | D:2      | Noticed Terence
  2137 | D:2      | Found a broken altar of Ashenzari.
  2186 | D:2      | Reached skill level 1 in Fighting
  2343 | D:2      | Found a faded altar of an unknown god.
  2503 | D:3      | Noticed Ijyb
  2511 | D:3      | Gained mutation: You are dopey. (Int -2) [potion of
                  | mutation]
  2511 | D:3      | Gained mutation: Your body sometimes deteriorates upon
                  | taking damage. [potion of mutation]
  2511 | D:3      | Lost mutation: You are dopey. (Int -2) [potion of mutation]
  2582 | D:3      | Killed Ijyb
  2583 | D:3      | Reached skill level 1 in Unarmed Combat
  2583 | D:3      | Reached XP level 4. HP: 6/35 MP: 0/7
  3432 | D:3      | Reached XP level 5. HP: 40/40 MP: 3/8
  3489 | D:3      | Reached skill level 5 in Conjurations
  3526 | D:3      | HP: 1/41 [gnoll/+0 spear (8)]
  3906 | D:3      | Found a runed translucent door.
  3907 | D:3      | Noticed Crazy Yiuf
  4387 | D:3      | Noticed Sigmund
  4404 | D:3      | Killed Sigmund
  4405 | D:3      | Reached XP level 6. HP: 24/48 MP: 10/10
  4411 | D:3      | Learned a level 4 spell: Iskenderun's Mystic Blast
  4415 | D:3      | Learned a level 3 spell: Dazzling Flash
  4539 | D:3      | Noticed Jessica
  4545 | D:3      | Killed Jessica
  4597 | D:3      | Found a shimmering blue altar of Sif Muna.
  4866 | D:3      | Killed Crazy Yiuf
  4867 | D:3      | Reached skill level 1 in Translocations
  4914 | D:4      | Reached skill level 1 in Hexes
  4914 | D:4      | Your scales start taking on a rich purple colour.
  4914 | D:4      | Reached XP level 7. HP: 55/55 MP: 9/13
  5094 | D:4      | Reached skill level 6 in Conjurations
  5193 | D:4      | Noticed Pikel
  5473 | D:4      | HP: 1/55 [Pikel/+2 whip of freezing (2)]
  5474 | D:4      | Slain by Pikel

Illustrated notes

Levels and vault maps discovered:
D:1:      matt_arrival_los_fun, layout_basic, serial_rivers,
          chequers_serial_rivers_large_b, chequers_serial_rivers_marsh,
          chequers_serial_rivers_micro_a, chequers_serial_rivers_room_a,
          hangedman_decor_lopped, minmay_misc_feat_four_crosses,
          minmay_misc_feat_square
D:2:      layout_loops_cross, marbit_many_paths, serial_undead, serial_undead_c,
          serial_undead_a, serial_undead_e, serial_undead_d, serial_undead_a,
          serial_undead_d, chequers_ecumenical_altar_simple, uniq_terence
D:3:      layout_basic, tgw_sif, uniq_crazy_yiuf_cottage, uniq_sigmund,
          uniq_jessica, uniq_ijyb
D:4:      layout_basic, uniq_pikel

Skill      XL: |  1  2  3  4  5  6  7 |
---------------+----------------------+-----
Stealth        | 2 3 |  3.0
Dodging        | 2 |  2.8
Fighting       | 1 2 |  2.3
Unarmed Combat | 1 |  1.1
Conjurations   | 5 6 |  6.2
Spellcasting   | 3 4 |  4.2
Translocations | 1 2 |  2.2
Hexes          | 1 2 |  2.5

Action                   |  1- 3 |  4- 6 |  7- 9 || total
-------------------------+-------+-------+-------++-------
Melee: Unarmed           |   123 |       |       ||   123
       Tailslap          |     8 |     2 |     3 ||    13
       Mace              |       |    33 |    29 ||    62
 Cast: Magic Dart        |    71 |    49 |    35 ||   155
       Searing Ray       |     5 |     5 |     2 ||    12
 Abil: Breathe Dispellin |       |       |     2 ||     2
Evoke: Wand              |       |     4 |       ||     4
  Use: Scroll            |     6 |     3 |       ||     9
       Potion            |     2 |     1 |     1 ||     4
 Stab: Paralysed         |       |     4 |       ||     4
       Sleeping          |       |     1 |       ||     1
Armor: Skin              |    46 |     5 |    17 ||    68
Dodge: Dodged            |    98 |    29 |    27 ||   154

Table legend: (Time is in decaauts)
 A = Elapsed time spent in this place.
 B = Non-inter-level travel time spent in this place.
 C = Inter-level travel time spent in this place.
 D = Time resting spent in this place.
 E = Time spent auto-exploring this place.
 F = Levels seen in this place.
 G = Mean time per level.
                   A        B        C        D        E       F      G
               +--------+--------+--------+--------+--------+-----+--------+
         Total |   5531 |   5345 |    186 |   1290 |   3260 |   4 | 1382.8 |
       Dungeon |   5531 |   5345 |    186 |   1290 |   3260 |   4 | 1382.8 |
               +--------+--------+--------+--------+--------+-----+--------+

Top non-repeatable levels by time:
     D:3: 2201 daAuts
     D:1: 1443 daAuts
     D:2: 1305 daAuts
     D:4: 580 daAuts
